 Dungeon Crawl Stone Soup version 0.31-a0-978-g1e143483b6 (webtiles) character file.

Game seed: 13870811910985498458

2522 croobank the Vexing (level 9, 0/40 HPs)
             Began as a Felid Fighter on Oct 30, 2023.
             Was a Follower of Fedhas.
             Slain by a killer bee (1 damage)
             ... on level 7 of the Dungeon.
             The game lasted 00:54:55 (7776 turns).

croobank the Vexing (Felid Fighter)                 Turns: 7776, Time: 00:54:56

Health: 0/40       AC:  2    Str: 14    XL:     9   Next: 29%
Magic:  15/15      EV: 21    Int: 17    God:    Fedhas [*.....]
Gold:   291        SH:  0    Dex: 16    Spells: 12/15 levels left
                                        Lives:  0   Deaths: 3

rFire   . .          .
                       - Unarmed
rCold   . . .        (shield unavailable)
rNeg    + . .        (body armour unavailable)
rPois   .            (helmet unavailable)
rElec   .            (cloak unavailable)
rCorr   .            (gloves unavailable)
SInv    +            (boots unavailable)
Will    +....        k - amulet of magic regeneration
Stlth   ++++         a - ring of positive energy
HPRegen 0.26/turn    d - +6 ring of intelligence
MPRegen 0.54/turn

%: no passive effects
@: lethally poisoned (0 -> -6), studying Hexes, quick
A: very small, claws 1, fangs 3, see invisible, speed 1, shaggy fur 2, stealthy
paws, no weapons or thrown items, no armour, multi-lived, inability to drink
after injury 1, MP-powered wands
a: Renounce Religion


You were on level 7 of the Dungeon.
You worshipped Fedhas.
Fedhas was aware of your devotion.
You visited 2 branches of the dungeon, and saw 8 of its levels.

You collected 291 gold pieces.

Inventory:

Jewellery
 a - a ring of positive energy (left paw)
 d - a +6 ring of intelligence (right paw)
 e - an amulet of guardian spirit
 k - an amulet of magic regeneration (around neck)
Talismans
 c - a flux talisman
Scrolls
 f - a scroll of identify
 q - a scroll of revelation
Potions
 b - a potion of enlightenment
 j - 2 potions of attraction
 r - 3 potions of brilliance


   Skills:
 + Level 5.3 Fighting
 + Level 7.0 Dodging
 * Level 7.0 Stealth
 + Level 5.8 Unarmed Combat
 - Level 3.7 Spellcasting
 - Level 7.5 Hexes
 * Level 4.6 Invocations
 + Level 3.5 Shapeshifting


You had 12 spell levels left.
You knew the following spells:

 Your Spells              Type           Power      Damage    Failure   Level
a - Tukima's Dance        Hex            28%        N/A       2%          3

Your spell library contained the following spells:

 Spells                   Type           Power      Damage    Failure   Level
 Iskenderun's Mystic Bla  Conj/Tloc      3%         2d3       85%         4
 Olgreb's Toxic Radiance  Pois           3%         N/A       85%         4
 Discord                  Hex            14%        N/A       100%        8
 Ignition                 Fire           1%         3d3       100%        8
 Dimensional Bullseye     Hex/Tloc       Unusable   N/A       N/A         4

Dungeon Overview and Level Annotations

Branches:
Dungeon (7/15)             Temple (1/1) D:4

Altars:
Ashenzari
Cheibriados
Dithmenos
Elyvilon
Fedhas
Gozag
Hepliaklqana
Kikubaaqudgha
Makhleb
Okawaru
Qazlal
Ru
Sif Muna
Trog
Uskayaw
Vehumet
Xom
Yredelemnul
Zin
The Shining One

Shops:
D:1 (

Annotations:
D:6 Eustachio


Innate Abilities, Weirdness & Mutations

You have sharp claws.
You have razor-sharp teeth.
You have supernaturally acute eyesight. (SInv)
You cover ground quickly. (Speed+)
You are covered in thick fur. (AC +2)
Your paws help you pounce on unaware monsters.
You are incapable of wielding weapons or throwing items.
You cannot wear armour.
You gain extra lives every three experience levels.
You occasionally lose the ability to drink potions when taking damage.
You expend magic power (3 MP) to strengthen your wands.


Message History

Some lava.
The lava snake spits lava at you. The glob of lava hits you!
You barely miss the lava snake.
The killer bee buzzes angrily.
Your bite misses the lava snake. The lava snake spits lava at you.
The glob of lava hits you!
You scratch the lava snake. You claw the lava snake.
The lava snake is heavily wounded.
The lava snake spits lava at you. The glob of lava misses you.
You miss the lava snake.
The lava snake is heavily wounded.
The lava snake bites you.
You are engulfed in flames.
You closely miss the lava snake.
The lava snake is heavily wounded.
The lava snake closely misses you. The killer bee barely misses you.
You scratch the lava snake. Your bite misses the lava snake.
The lava snake is severely wounded.
The killer bee stings you.
* * * LOW HITPOINT WARNING * * *
You are poisoned.
The killer bee poisons you! The lava snake barely misses you.
The killer bee misses you.
You scratch the lava snake but do no damage.
Your bite misses the lava snake.
The lava snake is severely wounded.
* * * LOW HITPOINT WARNING * * *
You feel very sick. The killer bee stings you!
* * * LOW HITPOINT WARNING * * *
The lava snake closely misses you.
You claw the lava snake!
You kill the lava snake!
Fedhas appreciates your contribution to the ecosystem.
* * * LOW HITPOINT WARNING * * *
You feel sick. The killer bee closely misses you. The killer bee stings you.
You die...
Fedhas appreciates your contribution to the ecosystem.

# #.#.≈≈.§§≈.# ......##...≈≈~
#####.#..§.§≈§.#.........#...~~~~
......#..≈.§§§)#.......#..)⌠....~
.###....§≈.§≈§.........#.....)...
.###.....≈≈..≈≈........##.#)#.#.#
.#....<†..≈..≈≈........#..#.#.#..
.#.#..))..≈≈..§§........yy[<#.#..
.#.####....≈≈.§≈§.....#..####.#..
.#.# ##._.≈≈.§§@y....#.# ..#..
...# ##...≈§.§≈§.....#. ###..
.#.# #)..≈≈§.§≈......# #.. .#.##
#.#.≈≈§.§.§.....# #..
.#..###...≈..≈≈.####### .....
.##.............# ..#..
###.............# #....
#.............# ##...
#.............# ###.#


You could see a killer bee.

Vanquished Creatures
  Pikel (D:7)
  Maggie (D:7)
  A water moccasin (D:6)
  An orc warrior (D:6)
  An ice beast (D:6)
  2 ogres
  2 centaurs (D:5)
  A lemure (D:6)
  2 gnoll sergeants (D:6)
  2 scorpions
  4 killer bees
  A lava snake (D:7)
  5 hounds
  An orc priest (D:7)
  Jessica (D:3)
  5 iguanas
  3 orc wizards
  Terence (D:3)
  6 adders
  7 gnolls
  A shadow imp (D:7)
  A white imp (D:6)
  5 worms
  5 dart slugs
  11 orcs
  5 endoplasms
  3 giant cockroaches
  A goblin (D:2)
  9 hobgoblins
  3 quokkas
  7 ball pythons
  3 bats
  3 frilled lizards
  4 kobolds
  5 rats
  A butterfly (D:1)
115 creatures vanquished.

Vanquished Creatures (collateral kills)
  A jelly (D:7)
  4 gnolls
5 creatures vanquished.

Vanquished Creatures (others)
  6 dancing weapons
  A sleepcap (D:6)
7 creatures vanquished.

Grand Total: 127 creatures vanquished

Notes
Turn   | Place    | Note
-------+----------+-------------------------------------------
     0 | D:1      | croobank the Felid Fighter began the quest for the Orb.
     0 | D:1      | Reached XP level 1. HP: 10/10 MP: 2/2
   101 | D:1      | Found a faded altar of an unknown god.
   278 | D:1      | Reached XP level 2. HP: 14/14 MP: 3/3
   353 | D:1      | Found Zeycaesu's Weapon Boutique.
   993 | D:2      | Reached XP level 3. HP: 16/17 MP: 4/4
  1192 | D:2      | Found a white marble altar of Elyvilon.
  1549 | D:3      | Noticed Jessica
  1566 | D:3      | Killed Jessica
  1567 | D:3      | Reached skill level 5 in Dodging
  1567 | D:3      | Reached skill level 1 in Stealth
  1567 | D:3      | Reached XP level 4. HP: 20/22 MP: 5/5
  1777 | D:3      | Noticed Terence
  1801 | D:3      | Killed Terence
  1802 | D:3      | Reached skill level 1 in Shapeshifting
  1955 | D:3      | Found an opulent altar of Gozag.
  1957 | D:3      | Found a sacrificial altar of Ru.
  2032 | D:3      | Reached XP level 5. HP: 25/25 MP: 6/6
  2294 | D:4      | Found a staircase to the Ecumenical Temple.
  2352 | Temple   | Entered the Ecumenical Temple
  2361 | Temple   | Became a worshipper of Fedhas Madash
  2451 | D:4      | Found a bloodstained altar of Trog.
  2489 | D:4      | You fall into a shaft and drop 1 floor!
  2489 | D:5      | Entered Level 5 of the Dungeon
  2610 | D:4      | Noticed an ogre
  2616 | D:4      | Learned a level 3 spell: Tukima's Dance
  2843 | D:4      | Found a radiant altar of Vehumet.
  2998 | D:4      | Reached skill level 1 in Invocations
  2998 | D:4      | Gained mutation: You are covered in thick fur. (AC +2)
                  | [Felid growth]
  2998 | D:4      | Reached XP level 6. HP: 28/28 MP: 7/7
  3409 | D:5      | Reached skill level 1 in Spellcasting
  3409 | D:5      | Reached skill level 1 in Hexes
  3539 | D:5      | Reached * piety under Fedhas
  3540 | D:5      | Reached XP level 7. HP: 15/32 MP: 9/11
  4025 | D:4      | Reached skill level 5 in Hexes
  4932 | D:5      | Slain by a scorpion
  5372 | D:6      | HP: 1/32 [white imp/puff of frost (11)]
  5374 | D:6      | Reached skill level 5 in Unarmed Combat
  5738 | D:6      | Noticed Eustachio
  5768 | D:7      | Found a broken altar of Ashenzari.
  5775 | D:7      | Found a snail-covered altar of Cheibriados.
  5812 | D:7      | Noticed Maggie
  5830 | D:7      | Killed Maggie
  5831 | D:7      | Reached XP level 8. HP: 27/36 MP: 14/14
  5973 | D:7      | Found an ancient bone altar of Kikubaaqudgha.
  5974 | D:7      | Noticed Pikel
  6020 | D:6      | HP: 1/36 [gnoll/+3 spear of venom (12)]
  6021 | D:6      | Succumbed to a gnoll's poison
  6151 | D:6      | Gained mutation: You occasionally lose the ability to drink
                  | potions when taking damage. [potion of mutation]
  6151 | D:6      | Gained mutation: You expend magic power (3 MP) to
                  | strengthen your wands. [potion of mutation]
  6373 | D:6      | Reached skill level 5 in Stealth
  6513 | D:7      | Killed Pikel
  6514 | D:7      | Reached skill level 5 in Fighting
  6620 | D:7      | Reached XP level 9. HP: 18/40 MP: 15/15
  7469 | D:6      | Slain by a killer bee
  7775 | D:7      | HP: 2/40 [killer bee (7)]
  7776 | D:7      | Slain by a killer bee

Illustrated notes

Levels and vault maps discovered:
D:1:      dpeg_arrival_boxes_within_box, layout_basic, serial_forest,
          infiniplex_forest_zigzag_2, infiniplex_forest_clump_double,
          infiniplex_forest_end_3, infiniplex_forest_clump_curved,
          infiniplex_forest_lined_2, infiniplex_forest_clump_diagonal,
          infiniplex_forest_fountain, hellmonk_ecumenical_altar_run_dry,
          serial_shops, shop, minivault_26, skrybe_limestone_x, glass_columns_a,
          hex_tiny, hangedman_glass_garden
D:2:      layout_rooms, basic_altar
D:3:      layout_rooms, jmf_multi_god_temple, grunt_decor_clamped,
          minmay_misc_feat_hallway, chequers_serial_rivers_large_a,
          uniq_terence, uniq_jessica
D:4:      layout_cave_pods, nicolae_vehumet_altar_sigil,
          lemuel_coloured_pillars_altar, minmay_temple_entry_purple_smoke
D:5:      layout_layer_cave, serial_co_window_serial, co_window_corner_a,
          co_window_paths_a, co_window_corner_a, co_window_corner_a,
          co_window_corner_a, co_window_broadway_b, co_window_2corner,
          co_window_corner_b, co_window_2corner, co_window_unsneaky_path_c,
          co_window_corner_b, co_window_2corner, glass_columns_a,
          glass_columns_a, glass_columns_a, glass_columns_a, minmay_manual_mares
D:6:      layout_cave_pools, uniq_eustachio
D:7:      layout_basic, kiku_gazebo_pond_becter, nzn_wu_jian_council_hall,
          mainiacjoe_overflow_catch_the_wave, gammafunk_ghost_hive,
          dreamdust_princess_corridor, uniq_pikel, uniq_maggie
Temple:   nicolae_temple_ecumenical_triangle

Skill      XL: |  1  2  3  4  5  6  7  8  9 |
---------------+----------------------------+-----
Dodging        | 5 6 7 |  7.0
Stealth        | 1 2 4 6 7 |  7.0
Shapeshifting  | 1 2 3 |  3.5
Fighting       | 4 5 |  5.3
Invocations    | 1 2 3 4 |  4.6
Spellcasting   | 2 3 |  3.7
Hexes          | 3 7 |  7.5
Unarmed Combat | 5 |  5.8

Action                     |  1- 3 |  4- 6 |  7- 9 || total
---------------------------+-------+-------+-------++-------
  Melee: Unarmed           |    96 |   120 |   258 ||   474
         Bite              |     7 |    10 |    20 ||    37
         Punch             |       |     6 |     8 ||    14
   Cast: Tukima's Dance    |       |       |    21 ||    21
  Evoke: Wand              |       |     6 |     5 ||    11
    Use: Potion            |     1 |     4 |     7 ||    12
         Scroll            |       |     4 |    12 ||    16
   Stab: Sleeping          |     1 |     3 |     3 ||     7
         Distracted        |       |     1 |     1 ||     2
         Invisible         |       |       |     3 ||     3
 Armour: Skin              |    16 |    29 |   130 ||   175
  Dodge: Dodged            |    59 |    81 |   272 ||   412

Table legend: (Time is in decaauts)
 A = Elapsed time spent in this place.
 B = Non-inter-level travel time spent in this place.
 C = Inter-level travel time spent in this place.
 D = Time resting spent in this place.
 E = Time spent auto-exploring this place.
 F = Levels seen in this place.
 G = Mean time per level.
                   A        B        C        D        E       F      G
               +--------+--------+--------+--------+--------+-----+--------+
         Total |   6750 |   6440 |    310 |   1756 |   3215 |   8 |  843.8 |
       Dungeon |   6735 |   6439 |    296 |   1756 |   3215 |   7 |  962.1 |
        Temple |     15 |      2 |     13 |      0 |      0 |   1 |   15.0 |
               +--------+--------+--------+--------+--------+-----+--------+

Top non-repeatable levels by time:
     D:5: 1763 daAuts
     D:6: 1441 daAuts
     D:4: 1096 daAuts
     D:1: 703 daAuts
     D:3: 693 daAuts
     D:7: 526 daAuts
     D:2: 510 daAuts
  Temple: 15 daAuts
